 Dungeon Crawl Stone Soup version 0.19-b1-4-gd8a0a2a (webtiles) character file.

1471 tv1990 the Cleaver (level 9, -9/71 HPs)
             Began as a Formicid Monk on Oct 30, 2016.
             Mangled by an orc warrior
             ... wielding a +0 dire flail
              (18 damage)
             ... on level 11 of the Dungeon.
             The game lasted 00:21:54 (6928 turns).

tv1990 the Cleaver (Formicid Monk)                  Turns: 6928, Time: 00:21:57

Health: -9/71      AC: 11    Str: 15    XL:     9   Next: 6%
Magic:  9/9        EV:  8    Int: 11    God:
Gold:   218        SH:  0    Dex: 16    Spells: 0 memorised, 8 levels left

rFire  . . .     SeeInvis +     a - +0 hand axe
rCold  . . .     Gourm    .     u - +1 chain mail
rNeg   . . .     Faith    .     (no shield)
rPois  .         Spirit   .     (helmet unavailable)
rElec  .         Reflect  .     (no cloak)
rCorr  .         Harm     .     (no gloves)
MR     +....                    h - +0 pair of boots
Stlth  ..........               (no amulet)
                                (no ring)
                                k - ring of protection from magic

@: lethally poisoned (-9 -> -13), drained
A: permanent stasis, dig shafts and tunnels, four strong arms, antennae 3
a: Dig, Shaft Self


You were on level 11 of the Dungeon.
You were very hungry.

You visited 1 branch of the dungeon, and saw 9 of its levels.

You collected 312 gold pieces.
You spent 94 gold pieces at shops.

Inventory:

Hand Weapons
 a - a +0 hand axe (weapon)
 i - a +1 whip of draining
Armour
 b - a +0 robe
 g - a +0 scale mail
 h - a +0 pair of boots (worn)
 u - a +1 chain mail (worn)
 x - a +0 pair of boots
Jewellery
 k - a ring of protection from magic (left hand)
Wands
 v - a wand of random effects (36/48)
Scrolls
 d - a scroll of fear
 e - 3 scrolls of remove curse
 n - a scroll of enchant weapon {unknown}
 o - a scroll of enchant armour
 s - a scroll of magic mapping
 t - a scroll of amnesia
 y - a scroll of immolation {unknown}
Potions
 m - a potion of brilliance
 p - a potion of curing
 q - a potion of cure mutation {unknown}
 r - a potion of invisibility {unknown}
 w - a potion of beneficial mutation {unknown}
Comestibles
 c - 5 bread rations
 l - a meat ration


   Skills:
 + Level 6.5(5.9) Fighting
 * Level 8.0(7.4) Axes
 + Level 5.2(4.6) Armour
 - Level 3.3(2.7) Dodging
 - Level 2.4(1.8) Stealth


You had 8 spell levels left.
You didn't know any spells.

Dungeon Overview and Level Annotations

Branches:
Dungeon (10/15)
 Temple: D:4-7         Lair: D:8-11         Orc: D:9-12

Altars:
Nemelex Xobeh
Yredelemnul

Shops:
D:5 [

Annotations:
D:3 tv1990's ghost, novice FoMo
D:5 Eustachio; Menkaure
D:8 Grum; Prince Ribbit


Innate Abilities, Weirdness & Mutations

You are under a permanent stasis effect.
You can dig through walls and to a lower floor.
Your four strong arms can wield two-handed weapons with a shield.
You have a pair of large antennae on your head. (SInv)


Message History

You hear a shout!
A jackal and an orc priest come into view.
You dig through the rock wall.
You are feeling very hungry.
You feel sick.
You dig through the rock wall.
You feel sick.
You hear a bark!
You feel sick.
You feel sick.
You feel sick.
You feel sick.
Okay, then.
Are you sure you want to shaft yourself?
You feel quite a bit more hungry.
The orc warrior hits you with a dire flail!
* * * LOW HITPOINT WARNING * * *
You begin to dig a shaft.
You continue digging a shaft.
You feel sick.
The orc warrior hits you with a dire flail!!
You die...

# #. { .
#####.######....
h{hh{..{.{{...o.
####.#{#######.
##o# #@## ### {


You could see an orc warrior.

Vanquished Creatures
  A hippogriff (D:9)
  A water moccasin (D:9)
  2 sky beasts (D:10)
  A centaur (D:5)
  2 phantoms
  An ogre (D:3)
  2 big kobolds
  A bullfrog (D:4)
  A hound (D:4)
  A bullfrog zombie (D:9)
  An orc priest (D:4)
  A centaur skeleton (D:4)
  A killer bee zombie (D:9)
  4 gnolls (D:9)
  10 adders
  A shadow imp (D:5)
  An ooze (D:4)
  6 worms
  4 dart slugs
  5 leopard geckos
  16 orcs
  4 ball pythons
  13 bats
  4 giant cockroaches
  12 goblins
  7 hobgoblins
  13 jackals
  22 kobolds
  8 quokkas
  14 frilled lizards
  14 rats
  A spectral orc (D:3)
175 creatures vanquished.

Notes
Turn   | Place    | Note
-------+----------+-------------------------------------------
     0 | D:1      | tv1990 the Formicid Monk began the quest for the Orb.
     0 | D:1      | Reached XP level 1. HP: 18/18 MP: 1/1
    91 | D:1      | Reached XP level 2. HP: 24/24 MP: 2/2
   289 | D:1      | Reached XP level 3. HP: 25/29 MP: 3/3
  1065 | D:2      | Reached XP level 4. HP: 36/36 MP: 4/4
  1197 | D:2      | Reached skill level 4 in Axes
  2397 | D:2      | Reached XP level 5. HP: 41/42 MP: 5/5
  2605 | D:3      | Noticed tv1990's ghost (novice FoMo)
  2731 | D:2      | Reached skill level 1 in Armour
  3380 | D:3      | Noticed an ogre
  3393 | D:3      | Killed an ogre
  3393 | D:3      | Reached skill level 5 in Axes
  3393 | D:3      | Reached XP level 6. HP: 26/49 MP: 6/6
  3558 | D:3      | Found a sparkling altar of Nemelex Xobeh.
  3984 | D:3      | Found a basalt altar of Yredelemnul.
  4021 | D:4      | Noticed a phantom
  4057 | D:4      | Killed a phantom
  4211 | D:4      | Reached XP level 7. HP: 50/55 MP: 7/7
  4317 | D:4      | Reached skill level 5 in Fighting
  4818 | D:4      | Reached skill level 6 in Axes
  5167 | D:3      | You fall through a shaft for 2 floors!
  5167 | D:5      | Entered Level 5 of the Dungeon
  5438 | D:5      | Reached XP level 8. HP: 22/63 MP: 8/8
  5686 | D:5      | Found Ylaejepe's Antique Armour Emporium.
  5694 | D:5      | Bought a pair of boots for 94 gold pieces
  5783 | D:5      | Noticed Menkaure
  5783 | D:5      | Noticed Eustachio
  5786 | D:5      | You fall through a shaft for 3 floors!
  5786 | D:8      | Noticed Prince Ribbit
  5786 | D:8      | Noticed Grum
  5806 | D:8      | You fall through a shaft for 2 floors!
  5806 | D:10     | Entered Level 10 of the Dungeon
  6058 | D:10     | Reached skill level 7 in Axes
  6558 | D:9      | Noticed a hippogriff
  6575 | D:9      | Killed a hippogriff
  6575 | D:9      | Reached skill level 5 in Armour
  6575 | D:9      | Reached XP level 9. HP: 47/71 MP: 9/9
  6630 | D:9      | Reached skill level 8 in Axes
  6872 | D:8      | Noticed a cyclops
  6919 | D:9      | You fall through a shaft for 2 floors!
  6928 | D:11     | Mangled by an orc warrior

Skill      XL: |  1  2  3  4  5  6  7  8  9 |
---------------+----------------------------+-----
Dodging        | 3 |  3.3
Axes           | 4 5 6 7 8 |  8.0
Fighting       | 4 5 6 |  6.5
Armour         | 2 3 5 |  5.2
Stealth        | |  2.4

Action                   |  1- 3 |  4- 6 |  7- 9 || total
-------------------------+-------+-------+-------++-------
Melee: Hand axe          |    96 |   307 |   492 ||   895
 Abil: Dig               |       |     5 |    14 ||    19
       Shaft Self        |       |       |     5 ||     5
  Use: Scroll            |     6 |     1 |     6 ||    13
       Potion            |       |     1 |     4 ||     5
 Stab: Sleeping          |    12 |     4 |       ||    16
  Eat: Chunk             |     1 |    10 |     9 ||    20
       Pizza             |       |       |     1 ||     1
       Beef jerky        |       |       |     1 ||     1
Armor: Robe              |    21 |    18 |       ||    39
       Scale mail        |       |    80 |    99 ||   179
       Chain mail        |       |       |   117 ||   117
Dodge: Dodged            |    72 |   190 |   227 ||   489

Table legend:
 A = Turns spent in this place as a percentage of turns spent in the entire game.
 B = Non-inter-level travel turns spent in this place as a percentage of non-inter-level travel turns spent in the entire game.
 C = Inter-level travel turns spent in this place as a percentage of turns spent in this place.
 D = Turns resting spent in this place as a percentage of non-inter-level travel turns spent in this place.
 E = Turns spent auto-exploring this place as a percentage of non-inter-level travel turns spent in this place.
 F = Non-inter-level travel turns spent in this place divided by the number of levels of this place that you've seen.
                   A       B       C       D       E      F
               +-------+-------+-------+-------+-------+----------------------
         Total | 100.0 | 100.0 |   0.3 |   4.4 |  11.4 | 221.0
       Dungeon | 100.0 | 100.0 |   0.3 |   4.4 |  11.4 | 221.0
               +-------+-------+-------+-------+-------+----------------------

Table legend:
 A = Kills in this place as a percentage of kills in entire the game.
 B = Kills by you in this place as a percentage of kills by you in the entire game.
 C = Kills by friends in this place as a percentage of kills by friends in the entire game.
 D = Other kills in this place as a percentage of other kills in the entire game.
 E = Experience gained in this place as a percentage of experience gained in the entire game.
 F = Experience gained in this place divided by the number of levels of this place that you have seen.
                   A       B       C       D       E      F
               +-------+-------+-------+-------+-------+----------------------
         Total | 100.0 | 100.0 |  -nan |  -nan | 100.0 | 233.6
       Dungeon | 100.0 | 100.0 |  -nan |  -nan | 100.0 | 233.6
               +-------+-------+-------+-------+-------+----------------------

Vault maps used:
D:1:      minmay_arrival_open_corners, hangedman_decor_points
D:2:      kennysheep_six_static_rooms, first_bread
D:3:      lemuel_doored_altar, yredelemnul_forgotten_temple_becter
D:4:      lexackson_kobold_supper
D:5:      serial_shops, shop, uniq_menkaure, uniq_eustachio
D:8:      minmay_lair_entry_lava, uniq_prince_ribbit1, uniq_pikel, uniq_grum
D:9:      lemuel_round_altar
D:10:     basic_altar
D:11:     david_orc_2, uniq_fannar
